 Dungeon Crawl Stone Soup version 0.30-a0-476-g330ca2eb8e (webtiles) character file.

Game seed: 13930855544231216693

90 cforsyth the Digger (level 4, 0/24 HPs)
             Began as a Gargoyle Earth Elementalist on Dec 21, 2022.
             Slain by an adder (1 damage)
             ... on level 3 of the Dungeon.
             The game lasted 00:04:03 (1815 turns).

cforsyth the Digger (Gargoyle Earth Elementalist)   Turns: 1815, Time: 00:04:03

Health: 0/24       AC:  6    Str: 12    XL:     4   Next: 56%
Magic:  10/17      EV: 11    Int: 17    God:
Gold:   107        SH:  0    Dex: 10    Spells: 8/9 levels left

rFire   . . .      SeeInvis .    (no weapon)
rCold   . . .      Faith    .    (no shield)
rNeg    + . .      Spirit   .    a - +0 robe
rPois   ∞          Reflect  .    c - +0 helmet
rElec   +          Harm     .    (no cloak)
rCorr   .          Rampage  .    (no gloves)
Will    .....                    (no boots)
Stlth   ++........               (no amulet)
HPRegen 0.24/turn                g - ring of magical power
MPRegen 0.15/turn                (no ring)

@: weak-willed
A: sickness immunity, AC +3, negative energy resistance 1, electricity
resistance, torment resistance 1, petrification resistance
a: no special abilities


You were on level 3 of the Dungeon.
You visited 1 branch of the dungeon, and saw 3 of its levels.

You collected 107 gold pieces.

Inventory:

Armour
 a - a +0 robe (worn)
 c - a +0 helmet (worn)
Jewellery
 g - a ring of magical power (left hand)
 o - the amulet of Tasaiqog {*Corrode rC+ Regen+ Dex+5}
   (You found it on level 2 of the Dungeon)

   [amulet of regeneration]

   Dex:       It affects your dexterity (+5).
   rC:        It protects you from cold.
   Regen:     It increases your rate of health regeneration.
   *Corrode:  It may corrode you when you take damage.
 p - a ring of protection from cold
Scrolls
 d - a scroll of enchant weapon {unknown}
 e - 3 scrolls of identify {unknown}
 h - a scroll of enchant armour {unknown}
 n - 3 scrolls of teleportation {unknown}
Potions
 b - a potion of magic
 f - 2 potions of degeneration {unknown}
 i - a potion of curing {unknown}
 j - 2 potions of cancellation {unknown}
 k - a potion of lignification {unknown}
 l - a potion of brilliance {unknown}


   Skills:
 - Level 1.5 Dodging
 - Level 2.1 Stealth
 + Level 3.3 Spellcasting
 - Level 0.7 Transmutations
 + Level 5.1 Earth Magic


You had 8 spell levels left.
You knew the following spells:

 Your Spells              Type           Power      Damage    Failure   Level
a - Sandblast             Erth           40%        2d10      1%          1

Your spell library contained the following spells:

 Spells                   Type           Power      Damage    Failure   Level
 Passwall                 Tmut/Erth      10%        N/A       8%          2
 Stone Arrow              Conj/Erth      22%        3d8       19%         3
 Dazzling Flash           Conj/Hex       4%         N/A       45%         3
 Portal Projectile        Hex/Tloc       4%         N/A       45%         3
 Petrify                  Tmut/Erth      12%        N/A       45%         4
 Discord                  Hex            1%         N/A       100%        8


Dungeon Overview and Level Annotations

Branches:
Dungeon (3/15)

Altars:

Annotations:
D:3 Terence


Innate Abilities, Weirdness & Mutations

You are immune to sickness and miasma.
Your stone body is resilient. (AC +3)
You are immune to poison.
You resist negative energy. (rN+)
You are resistant to electric shocks. (rElec)
You are resistant to unholy torment.
You are immune to petrification.


Message History

Press: ? - help, Shift-Dir - straight line, f/p - Terence
Aim: Terence, wielding a +0 falchion and wearing a +0 scale mail (moderately wounded, 85% to hit)
The blast of sand hits Terence but does no damage.
Terence is moderately wounded.
The adder misses you. Terence hits you but does no damage.
The adder misses you. Terence hits you with a +0 falchion.
Unknown command.
Unknown command.
Casting: Sandblast (safe; 1% risk of failure)
Confirm with . or Enter, or press ? or * to list all spells.
Aiming: Sandblast (safe; 1% risk of failure)
Press: ? - help, Shift-Dir - straight line, f/p - Terence
Aim: Terence, wielding a +0 falchion and wearing a +0 scale mail (moderately wounded, 85% to hit)
The blast of sand hits Terence but does no damage.
Terence is moderately wounded.
The adder barely misses you. Terence hits you with a +0 falchion.
The adder bites you but does no damage.
Unknown command.
Unknown command.
Casting: Sandblast (safe; 1% risk of failure)
Confirm with . or Enter, or press ? or * to list all spells.
Aiming: Sandblast (safe; 1% risk of failure)
Press: ? - help, Shift-Dir - straight line, f/p - Terence
Aim: Terence, wielding a +0 falchion and wearing a +0 scale mail (moderately wounded, 85% to hit)
The blast of sand hits Terence but does no damage.
Terence is moderately wounded.
The adder bites you. Terence hits you with a +0 falchion.
* * * LOW HITPOINT WARNING * * *
The adder misses you. Terence hits you with a +0 falchion.
* * * LOW HITPOINT WARNING * * *
Unknown command.
Unknown command.
The air fills with toxic fumes!
As you read the scroll labelled YGEEXE ICEYQ, it crumbles to dust.
It was a scroll of poison.
The adder bites you but does no damage. Terence closely misses you.
As you read the scroll labelled QITHUYHO UQEY, it crumbles to dust.
Magic quickly surges around you.
It was a scroll of vulnerability.
The adder bites you.
You die...

.# #.# †# #.# .#
#.######## ## .#
#......... §# .#
#..###### §# .#
#..# §# .# #..# §#
.#
#..#########§###§§#
.#
#...§§§§§§§@@§§§§§#
..
##.###§§§§§§S§§§§§§
#.
....§§§#####§###§##
. ###.##### §# #<.
§# .## §§ . §§ .
#§§


You could see Terence (weak-willed) and an adder (weak-willed).

Vanquished Creatures
  4 adders
  An orc (D:3)
  5 bats
  3 endoplasms
  5 giant cockroaches
  3 goblins (D:1)
  5 hobgoblins
  3 jackals (D:1)
  3 quokkas
  5 ball pythons
  5 frilled lizards
  3 kobolds (D:1)
  4 rats
49 creatures vanquished.

Notes
Turn   | Place    | Note
-------+----------+-------------------------------------------
     0 | D:1      | cforsyth the Gargoyle Earth Elementalist began the quest
                  | for the Orb.
     0 | D:1      | Reached XP level 1. HP: 10/10 MP: 3/3
   314 | D:1      | Reached skill level 4 in Earth Magic
   314 | D:1      | Reached XP level 2. HP: 15/15 MP: 5/5
   659 | D:1      | Found a faded altar of an unknown god.
   802 | D:1      | Reached XP level 3. HP: 19/19 MP: 6/6
  1199 | D:2      | Reached XP level 4. HP: 24/24 MP: 8/8
  1371 | D:2      | Reached skill level 5 in Earth Magic
  1444 | D:2      | Got the Codex of Curses
  1511 | D:2      | Identified the amulet of Tasaiqog {*Corrode rC+ Regen+
                  | Dex+5}
  1803 | D:3      | Noticed Terence
  1813 | D:3      | HP: 1/24 [Terence/+0 falchion (1)]
  1815 | D:3      | Slain by an adder

Illustrated notes

Levels and vault maps discovered:
D:1:      saegor_arrival_simple_e, layout_basic,
          chequers_ecumenical_altar_lobes, minmay_unequal
D:2:      layout_basic
D:3:      layout_loops_ring, uniq_terence

Skill      XL: |  1  2  3  4 |
---------------+-------------+-----
Earth Magic    | 4 5 |  5.1
Spellcasting   | 3 |  3.3
Dodging        | |  1.5
Stealth        | |  2.1
Transmutations | |  0.7

Action                   |  1- 3 |  4- 6 || total
-------------------------+-------+-------++-------
Melee: Unarmed           |     2 |       ||     2
 Cast: Sandblast         |    52 |    26 ||    78
  Use: Scroll            |       |     2 ||     2
Armor: Robe              |     7 |     8 ||    15
Dodge: Dodged            |    14 |     8 ||    22

Table legend: (Time is in decaauts)
 A = Elapsed time spent in this place.
 B = Non-inter-level travel time spent in this place.
 C = Inter-level travel time spent in this place.
 D = Time resting spent in this place.
 E = Time spent auto-exploring this place.
 F = Levels seen in this place.
 G = Mean time per level.
                   A        B        C        D        E       F      G
               +--------+--------+--------+--------+--------+-----+--------+
         Total |   1853 |   1758 |     95 |      0 |   1489 |   3 |  617.7 |
       Dungeon |   1853 |   1758 |     95 |      0 |   1489 |   3 |  617.7 |
               +--------+--------+--------+--------+--------+-----+--------+

Top non-repeatable levels by time:
     D:1: 1100 daAuts
     D:2: 679 daAuts
     D:3: 72 daAuts
